 Dungeon Crawl Stone Soup version 0.31.0-32-g396128a36d (webtiles) character file.

Game seed: 1805711608400880893

203 krauser the Covert (level 5, -4/47 HPs)
             Began as a Gnoll Delver on Apr 6, 2024.
             Slain by a gnoll
             ... wielding a +0 flail
              (8 damage)
             ... on level 3 of the Dungeon on Apr 7, 2024.
             The game lasted 00:17:48 (2756 turns).

krauser the Covert (Gnoll Delver)                   Turns: 2756, Time: 00:17:49

Health: -4/47      AC:  4    Str: 11    XL:     5   Next: 81%
Magic:  0/7        EV: 13    Int: 12    God:
Gold:   176        SH:  0    Dex: 13    Spells: 7/7 levels left

rFire   + . .        a - +0 mace
rCold   + . .        (no shield)
rNeg    . . .        b - +0 leather armour
rPois   +            (no helmet)
rElec   +            t - +0 cloak
rCorr   +            (no gloves)
SInv    .            (no boots)
Will    .....        e - amulet of guardian spirit
Stlth   ++++         m - ring of resist corrosion
HPRegen 0.27/turn    (no ring)
MPRegen 0.10/turn

%: guardian spirit
@: resistant
A: fangs 1, strong nose, distributed training
a: no special abilities


You were on level 3 of the Dungeon.
You visited 1 branch of the dungeon, and saw 6 of its levels.

You collected 176 gold pieces.

Inventory:

Hand Weapons
 a - a +0 mace (weapon)
 h - a +0 scimitar
 i - a +0 sling
 x - a +0 short sword
 A - a +0 spear
Missiles
 k - 36 stones (quivered)
 y - 2 poisoned darts
Armour
 b - a +0 leather armour (worn)
 s - a +0 scale mail
 t - a +0 cloak (worn)
 z - a +0 robe
Jewellery
 e - an amulet of guardian spirit (around neck)
 m - a ring of resist corrosion (left hand)
Wands
 g - a wand of digging (3)
 j - a wand of polymorph (6)
Scrolls
 c - a scroll of fog
 d - 3 scrolls of teleportation {unknown}
 n - a scroll of brand weapon {unknown}
 o - 2 scrolls of enchant weapon {unknown}
 p - a scroll of noise {unknown}
 r - a scroll of identify {unknown}
 u - 2 scrolls of vulnerability {unknown}
 w - 2 scrolls of revelation
Potions
 f - a potion of resistance
 l - 2 potions of heal wounds {unknown}
 q - 3 potions of curing {unknown}
 v - a potion of magic {unknown}


   Skills:
 + Level 6.7 Fighting
 + Level 1.7 Short Blades
 + Level 1.7 Long Blades
 + Level 1.7 Axes
 + Level 4.9 Maces & Flails
 + Level 1.7 Polearms
 + Level 1.7 Staves
 + Level 1.7 Ranged Weapons
 + Level 1.7 Throwing
 + Level 1.7 Armour
 + Level 4.9 Dodging
 + Level 9.7 Stealth
 + Level 1.7 Shields
 + Level 1.7 Unarmed Combat
 + Level 1.7 Spellcasting
 + Level 1.3 Conjurations
 + Level 1.3 Hexes
 + Level 1.3 Summonings
 + Level 1.3 Necromancy
 + Level 1.3 Translocations
 + Level 1.3 Fire Magic
 + Level 1.3 Ice Magic
 + Level 1.3 Air Magic
 + Level 1.3 Earth Magic
 + Level 1.3 Alchemy
 + Level 2.0 Invocations
 + Level 1.7 Evocations
 + Level 1.5 Shapeshifting


You had 7 spell levels left.
You didn't know any spells.
Your spell library contained the following spells:

 Spells                   Type           Power      Damage    Failure   Level
 Apportation              Tloc           8%         N/A       22%         1
 Jinxbite                 Hex            8%         N/A       32%         2
 Sublimation of Blood     Necr           4%         N/A       32%         2
 Petrify                  Alch/Erth      4%         N/A       91%         4
 Alistair's Intoxication  Alch           2%         N/A       99%         5
 Irradiate                Conj/Alch      2%         3d12      99%         5


Dungeon Overview and Level Annotations

Branches:
Dungeon (6/15)             Temple (0/1) D:4

Altars:
Yredelemnul

Annotations:
D:2 Terence
D:4 Eustachio


Innate Abilities, Weirdness & Mutations

You have very sharp teeth.
Your uncanny sense of smell can sniff out nearby items.
Your experience applies equally to all skills.


Message History

The gnoll is heavily wounded.
The gnoll barely misses you.
You barely miss the gnoll.
The gnoll is heavily wounded.
The gnoll hits you with a +0 flail!
You hit the gnoll.
The gnoll is severely wounded.
The gnoll closely misses you. The gnoll hits you with a +0 flail.
You hit the gnoll but do no damage.
The gnoll is severely wounded.
The gnoll barely misses you.
You hit the gnoll but do no damage.
The gnoll is severely wounded.
The gnoll hits you with a +0 flail.
You hit the gnoll.
The gnoll is almost dead.
The gnoll barely misses you.
You barely miss the gnoll.
The gnoll is almost dead.
The gnoll hits you with a +0 flail!
* * * LOW HITPOINT WARNING * * *
You closely miss the gnoll.
The gnoll is almost dead.
The gnoll barely misses you.
You closely miss the gnoll.
The gnoll is almost dead.
The gnoll closely misses you. The gnoll misses you.
You hit the gnoll.
The gnoll is almost dead.
The gnoll hits you with a +0 flail.
* * * LOW HITPOINT WARNING * * *
You barely miss the gnoll.
The gnoll is almost dead.
The gnoll closely misses you.
Okay, then.
Okay, then.
It was a potion of resistance.
You feel protected. The gnoll hits you with a +0 flail!
You die...

#.#.# ###.#.# #...#.#
#.###.######
#..........#################
#####.####..............#...
#.# ##############..... #.#
###########.........
#.###..@g†......#####...
#.......................
#.##################.###
#>######### #....#
#.........# ###.#### #
#.........# ###...# ##
#.........###...### #.
#.........##..#.# #.
####.........##.##.#######.


You could see a gnoll.

Vanquished Creatures
  A jelly (D:4)
  A hound (D:3)
  An iguana (D:4)
  A gnoll (D:3)
  4 adders
  A white imp (D:6)
  2 dart slugs
  A ribbon worm (D:2)
  An orc (D:4)
  3 bats (D:2)
  5 endoplasms
  2 giant cockroaches
  2 goblins
  6 hobgoblins
  4 jackals
  7 quokkas
  6 ball pythons
  2 frilled lizards (D:1)
  5 kobolds
  3 rats
58 creatures vanquished.

Notes
Turn   | Place    | Note
-------+----------+-------------------------------------------
     0 | D:5      | Reached skill level 9 in Stealth
     0 | D:5      | krauser the Gnoll Delver began the quest for the Orb.
     0 | D:5      | Reached XP level 1. HP: 23/23 MP: 1/1
    17 | D:5      | Noticed a black bear
   192 | D:6      | Noticed an ogre
   200 | D:6      | Reached XP level 2. HP: 16/29 MP: 2/2
   225 | D:6      | HP: 1/29 [sleepcap (6)]
   235 | D:5      | Noticed a phantom
   411 | D:1      | Found a faded altar of an unknown god.
   675 | D:1      | Reached XP level 3. HP: 35/35 MP: 3/3
   827 | D:1      | Reached skill level 1 in Invocations
  1374 | D:2      | Reached skill level 1 in Short Blades
  1374 | D:2      | Reached skill level 1 in Long Blades
  1374 | D:2      | Reached skill level 1 in Axes
  1374 | D:2      | Reached skill level 1 in Polearms
  1374 | D:2      | Reached skill level 1 in Staves
  1374 | D:2      | Reached skill level 1 in Ranged Weapons
  1374 | D:2      | Reached skill level 1 in Throwing
  1374 | D:2      | Reached skill level 1 in Armour
  1374 | D:2      | Reached skill level 1 in Shields
  1374 | D:2      | Reached skill level 1 in Unarmed Combat
  1374 | D:2      | Reached skill level 1 in Spellcasting
  1374 | D:2      | Reached skill level 1 in Evocations
  1444 | D:2      | Noticed Terence
  1559 | D:3      | Reached skill level 1 in Shapeshifting
  1559 | D:3      | Reached XP level 4. HP: 41/41 MP: 5/5
  1601 | D:3      | Reached skill level 1 in Conjurations
  1601 | D:3      | Reached skill level 1 in Hexes
  1601 | D:3      | Reached skill level 1 in Summonings
  1601 | D:3      | Reached skill level 1 in Necromancy
  1601 | D:3      | Reached skill level 1 in Translocations
  1601 | D:3      | Reached skill level 1 in Fire Magic
  1601 | D:3      | Reached skill level 1 in Ice Magic
  1601 | D:3      | Reached skill level 1 in Air Magic
  1601 | D:3      | Reached skill level 1 in Earth Magic
  1601 | D:3      | Reached skill level 1 in Alchemy
  2003 | D:4      | Reached XP level 5. HP: 29/47 MP: 4/7
  2069 | D:4      | Found a basalt altar of Yredelemnul.
  2246 | D:4      | Noticed Eustachio
  2756 | D:3      | Slain by a gnoll

Illustrated notes

Levels and vault maps discovered:
D:1:      nicolae_arrival_washed_ashore, layout_basic,
          ebering_ecumenical_altar_rust
D:2:      layout_loops_ring, minmay_joined_circles, uniq_terence
D:3:      layout_rooms, chequers_big_river
D:4:      layout_gridville, old_standard_altar, minmay_temple_entry_glass,
          corexii_leaking_fountain, uniq_menkaure, uniq_eustachio
D:5:      minmay_opposing_rooms, layout_basic, minmay_misc_feat_encased,
          minmay_gold_behind_fungi
D:6:      nicolae_BIG_FREAKIN_CUBE, layout_cave_pods,
          gammafunk_temple_overflow_wave

Skill      XL: |  1  2  3  4  5 |
---------------+----------------+-----
Stealth        | |  9.7
Invocations    | 1 2 |  2.0
Short Blades   | 1 |  1.7
Long Blades    | 1 |  1.7
Axes           | 1 |  1.7
Polearms       | 1 |  1.7
Staves         | 1 |  1.7
Ranged Weapons | 1 |  1.7
Throwing       | 1 |  1.7
Armour         | 1 |  1.7
Shields        | 1 |  1.7
Unarmed Combat | 1 |  1.7
Spellcasting   | 1 |  1.7
Evocations     | 1 |  1.7
Shapeshifting  | 1 |  1.5
Conjurations   | 1 |  1.3
Hexes          | 1 |  1.3
Summonings     | 1 |  1.3
Necromancy     | 1 |  1.3
Translocations | 1 |  1.3
Fire Magic     | 1 |  1.3
Ice Magic      | 1 |  1.3
Air Magic      | 1 |  1.3
Earth Magic    | 1 |  1.3
Alchemy        | 1 |  1.3
Fighting       | |  6.7
Maces & Flails | |  4.9
Dodging        | |  4.9

Action                     |  1- 3 |  4- 6 || total
---------------------------+-------+-------++-------
  Melee: Mace              |    99 |    81 ||   180
         Bite              |    11 |     8 ||    19
         Punch             |     1 |       ||     1
         Short sword       |       |     1 ||     1
  Throw: Stone             |     5 |    13 ||    18
    Use: Scroll            |     2 |     1 ||     3
         Potion            |     1 |     1 ||     2
   Stab: Sleeping          |    14 |     7 ||    21
 Armour: Leather armour    |    45 |    55 ||   100
  Dodge: Dodged            |    58 |    62 ||   120
